 Dungeon Crawl Stone Soup version 0.13.0-13-g27bfa31 (webtiles) character file.

678 MackTheKnife the Nimble (level 7, -4/45 HPs)
             Began as a Kobold Chaos Knight on Oct 19, 2013.
             Was a Plaything of Xom.
             Killed by divine providence
             ... invoked by an orc priest
              (13 damage)
             ... on Level 4 of the Dungeon.
             The game lasted 00:09:12 (4563 turns).

MackTheKnife the Nimble (Kobold Chaos Knight)       Turns: 4563, Time: 00:09:13

HP  -4/45        AC  8     Str 11      XL: 7   Next: 72%
MP   6/6         EV 20     Int 10      God: Xom
Gold 68          SH  0     Dex 17      Spells:  0 memorised,  6 levels left

Res.Fire  : . . .   See Invis. : .   a - +0 short sword (chaos)
Res.Cold  : . . .   Warding    : .   b - +3 leather armour (curse)
Life Prot.: . . .   Conserve   : .   (no shield)
Res.Poison: .       Res.Corr.  : .   (no helmet)
Res.Elec. : .       Clarity    : .   (no cloak)
Sust.Abil.: . .     Spirit.Shd : .   (no gloves)
Res.Mut.  : .       Stasis     : .   i - +1 pair of boots
Res.Rott. : .       Flight     : .   (no amulet)
Saprovore : + + .                    (no ring)
                                     f - ring of sustenance

@: drained, slightly resistant to hostile enchantments, unstealthy
A: disease resistance, carnivore 3, -10% mp, saprovore 2
a: Renounce Religion


You were on level 4 of the Dungeon.
You worshipped Xom.
You were Xom's teddy bear.
You were not hungry.

You visited 1 branch of the dungeon, and saw 4 of its levels.

You collected 48 gold pieces.

Inventory:

Hand weapons
 a - a +0,+0 short sword of chaos (weapon)
 l - a +1,+1 dagger of speed (quivered)
Armour
 b - a cursed +3 leather armour (worn)
 i - a +1 pair of boots (worn)
 m - a +0 pair of boots
Magical devices
 n - a wand of magic darts (12)
Comestibles
 c - 2 meat rations
Scrolls
 g - 4 scrolls of remove curse
 j - a scroll of identify
 o - a scroll of enchant weapon I {unknown}
 q - a scroll of magic mapping
Jewellery
 f - a ring of sustenance (left hand)
 k - an uncursed amulet of inaccuracy
Potions
 d - a potion of agility
 h - a potion of restore abilities
 p - a potion of degeneration {unknown}
Books
 e - a book of Summonings

   Spells                             Type                      Level
   Abjuration                         Summoning                    3
   Recall                             Summoning/Translocation      3
   Summon Elemental                   Summoning                    4
   Shadow Creatures                   Summoning                    5
   Summon Demon                       Summoning                    5
   Summon Ugly Thing                  Summoning                    6


   Skills:
 - Level 9.9(8.8) Fighting
 + Level 6.8(5.8) Short Blades
 - Level 0.7(0.0) Armour
 + Level 11.5(10.3) Dodging


You had 6 spell levels left.
You didn't know any spells.

Dungeon Overview and Level Annotations

Branches:
Dungeon (4/27)
 Temple: D:4-7

Altars:
Trog


Innate Abilities, Weirdness & Mutations

You recuperate from illness quickly.
You are small and have problems with some larger weapons.
You are carnivorous and can eat meat at any time.
You can eat rotten meat.
Your magical capacity is low (-10% MP).


Message History

You barely miss the orc priest.
The orc priest mumbles some strange prayers to Beogh against you.
Something smites you!
The orc priest invokes the aid of Beogh against you.
Something smites you!
An orc comes into view. It is wielding an orcish dagger.
You hit the orc priest.
The orc priest is moderately wounded.
The orc priest hits you but does no damage.
The orc wizard casts a spell.
The orc wizard seems to speed up.
The orc priest calls down the wrath of Beogh upon you.
Something smites you!
* * * LOW HITPOINT WARNING * * *
You see here an orcish war axe.
The orc wizard glows brightly for a moment.
The orc priest invokes the aid of Beogh against you.
Something smites you!
You die...
Xom laughs nastily!

#......... #...oo.....
........... .o.l....
..... #..# # #o.# #..
#).#
#...#######@.#######
.....................
.....................
#########......(.....
#............ ..#
#..[......... ..#
#...........
..###########...........
........................


You could see 2 orc priests, an orc wizard, an orc and a giant newt.

Vanquished Creatures
  An ogre (D:4)
  An orc priest (D:3)
  A hound (D:4)
  A worker ant (D:4)
  4 adders (D:2)
  3 worms
  A giant eyeball (D:3)
  A giant gecko (D:2)
  An ooze (D:1)
  4 orcs
  3 ball pythons
  4 giant cockroaches
  10 hobgoblins
  3 quokkas
  11 bats
  5 giant newts
  11 goblins
  13 jackals
  2 kobolds
  6 rats
86 creatures vanquished.

Vanquished Creatures (collateral kills)
  Grinder (D:3)
  2 orcs (D:3)
  A kobold (D:3)
  A rat (D:3)
5 creatures vanquished.

Vanquished Creatures (others)
  An iron imp (D:3)
1 creature vanquished.

Grand Total: 92 creatures vanquished

Notes
Turn   | Place    | Note
--------------------------------------------------------------
     0 | D:1      | MackTheKnife, the Kobold Chaos Knight, began the quest for the Orb.
     0 | D:1      | Reached XP level 1. HP: 12/12 MP: 1/1
   174 | D:1      | XOM: divination: detect creatures
   233 | D:1      | Reached XP level 2. HP: 17/17 MP: 2/2
   312 | D:1      | XOM: silly message
   377 | D:1      | XOM: harmless Divn miscast
   554 | D:1      | Reached XP level 3. HP: 22/22 MP: 3/3
   844 | D:2      | XOM: mild Conj miscast
   930 | D:2      | XOM: silly message
   978 | D:2      | HP: 1/22 [poisoned by an adder]
  1076 | D:2      | Reached skill level 5 in Short Blades
  1253 | D:2      | XOM: vitrification
  1407 | D:2      | Reached XP level 4. HP: 13/27 MP: 4/4
  1483 | D:2      | XOM: mild Conj miscast
  1514 | D:2      | XOM: mild Fire miscast
  1567 | D:2      | XOM: draining
  1724 | D:2      | XOM: mild Fire miscast
  1928 | D:2      | XOM: stat loss: -1 Str (10/11)
  2052 | D:2      | XOM: harmless Conj miscast
  2337 | D:2      | XOM: silly message
  2774 | D:3      | Reached XP level 5. HP: 27/32 MP: 5/5
  2780 | D:3      | XOM: harmless Hex miscast
  2998 | D:3      | XOM: noise
  3107 | D:3      | XOM: summons friendly ufetubus
  3111 | D:3      | XOM: colour smoke trail
  3441 | D:3      | Found a bloodstained altar of Trog.
  3652 | D:3      | Noticed Grinder
  3652 | D:3      | Paralysed by Grinder for 5 turns
  3663 | D:3      | XOM: summons friendly iron imp
  3677 | D:3      | XOM: potion effect (experience)
  3677 | D:3      | Reached skill level 9 in Fighting
  3677 | D:3      | Reached skill level 11 in Dodging
  3677 | D:3      | Reached XP level 6. HP: 36/40 MP: 6/6
  3684 | D:3      | XOM: enchant monster (bad)
  3685 | D:3      | Killed Grinder
  3685 | D:3      | Reached XP level 7. HP: 32/45 MP: 7/7
  3686 | D:3      | XOM: noise
  3904 | D:4      | XOM: colour smoke trail
  3972 | D:4      | XOM: harmless Fire miscast
  4258 | D:3      | Gained mutation: You have a slow metabolism. [potion of mutation]
  4258 | D:3      | Gained mutation: You occasionally shout uncontrollably. [potion of mutation]
  4258 | D:3      | Gained mutation: Your magical capacity is low (-10% MP). [potion of mutation]
  4259 | D:3      | Lost mutation: You have a slow metabolism. [potion of cure mutation]
  4259 | D:3      | Lost mutation: You occasionally shout uncontrollably. [potion of cure mutation]
  4301 | D:3      | XOM: mild Trmt miscast
  4563 | D:4      | Killed from afar by an orc priest

Action                   |  1- 3 |  4- 6 |  7- 9 || total
-------------------------+-------+-------+-------++-------
Melee: Short sword       |   119 |   185 |    56 ||   360
       Dagger            |       |    18 |       ||    18
  Use: Scroll            |     5 |     7 |     3 ||    15
       Potion            |     1 |     2 |     2 ||     5
 Stab: Sleeping          |     1 |       |       ||     1
       Confused          |     2 |     2 |       ||     4
       Paralysed         |     1 |     5 |       ||     6
       Petrifying        |       |     1 |       ||     1
       Petrified         |       |     1 |       ||     1
